 Dungeon Crawl Stone Soup version 0.16-a0-3494-g28000b7 (webtiles) character file.

22 zercules the Ruffian (level 2, -4/29 HPs)
             Began as a Troll Monk on Jan 5, 2015.
             Slain by an ogre
             ... wielding a +0 giant club
              (17 damage)
             ... on level 4 of the Dungeon.
             The game lasted 00:02:39 (480 turns).

zercules the Ruffian (Troll Monk)                    Turns: 480, Time: 00:02:39

Health: -4/29      AC:  5    Str: 18    XL:     2   Next: 68%
Magic:  1/1        EV:  5    Int: 11    God:
Gold:   34         SH: 11    Dex: 12    Spells: 0 memorised, 1 level left

rFire  . . .     SeeInvis .       - Unarmed
rCold  . . .     Clarity  .     a - +0 robe
rNeg   . . .     SustAb   .     h - +0 large shield
rPois  .         Gourm    +     (helmet restricted)
rElec  .         Spirit   .     (no cloak)
rCorr  .         Warding  .     (gloves unavailable)
rMut   .         Stasis   .     (boots unavailable)
MR     .....                    (no amulet)
Stlth  +.........               (no ring)
                                (no ring)

@: brilliant, very slightly contaminated, hasted, very quick, not resistant to
hostile enchantments, very unstealthy
A: unfitting armour, claws 3, fast metabolism 3, gourmand, regeneration 2,
shaggy fur 1, tough skin 2
a: no special abilities


You were on level 4 of the Dungeon.
You were hungry.

You visited 1 branch of the dungeon, and saw 4 of its levels.

You collected 34 gold pieces.


Innate Abilities, Weirdness & Mutations

You are too large for most types of armour.
You have claws for hands.
Your metabolism is lightning-fast.
You like to eat raw meat.
You heal very quickly.
You are covered in fur (AC +1).
You have very tough skin (AC +2).


   Skills:
 - Level 2.4 Fighting
 - Level 2.4 Dodging
 - Level 1.1 Stealth
 + Level 0.2 Shields
 + Level 4.7 Unarmed Combat


You had one spell level left.
You didn't know any spells.

Dungeon Overview and Level Annotations

Branches:
Dungeon (4/15)
 Temple: D:4-7

Altars:
Makhleb

Inventory:

Armour
 a - a +0 robe (worn)
 h - a +0 large shield (worn)
Scrolls
 d - a scroll of identify {unknown}
Potions
 f - a potion of restore abilities {unknown}
Comestibles
 b - 2 meat rations
 g - a bread ration

### #.######
+......+ #..##..#
#..##O.## +..+@...#
#.####..#
...##+##.#######
#...#...+..#..#
#...#...#..'..# .
+...+...#..#..#
..###...#..##.##'##
........#..##.#...#
........+...'.+...#


You could see an ogre (bleeding).


Message History

There is an open door here.
There is a stone staircase leading down here.
There is a stone staircase leading down here.
You climb downwards.
There is a stone staircase leading up here.
Wear which item? (? for menu, Esc to quit)
You finish putting on your +0 large shield.
You open the door.
There is an open door here.
You open the door.
Found a ring mail.
There is an open door here.
No target in view!
You open the door.
There is an open door here.
You open the door.
There is an open door here.
You open the door.
There is an open door here.
You open the door.
A rat comes into view.
You block the rat's attack.
There is an open door here.
You scratch the rat.
You kill the rat!
You open the door.
A giant mite comes into view.
There is an open door here.
An ogre comes into view. It is wielding a giant club.
The ogre shouts!
The giant mite bites you but does no damage.
Found a glass wand.
You scratch the giant mite.
The giant mite is heavily wounded.
The giant mite bites you.
You scratch the giant mite.
The giant mite is severely wounded.
The giant mite bites you but does no damage.
You claw the giant mite!
You kill the giant mite!
The ogre hits you with a giant club!
Ouch! That really hurt!
* * * LOW HITPOINT WARNING * * *
You see here a giant mite corpse.
There is an open door here.
You barely miss the ogre. You block the ogre's attack.
Drink which item? (? for menu, Esc to quit)
Okay, then.
There is an open door here.
You closely miss the ogre. The ogre hits you with a giant club!
* * * LOW HITPOINT WARNING * * *
Drink which item? (? for menu, Esc to quit)
It was a potion of brilliance.
You feel clever all of a sudden. The ogre hits you with a giant club.
* * * LOW HITPOINT WARNING * * *
You aren't carrying any items that can be evoked.
You aren't carrying any items that can be evoked.
Drink which item? (? for menu, Esc to quit)
It was a potion of haste.
You feel yourself speed up.
You are very lightly contaminated with residual magic.
Your shield prevents you from hitting the ogre.
You are feeling hungry.
The ogre hits you but does no damage.
You completely miss the ogre. You scratch the ogre.
The ogre is lightly wounded.
The ogre hits you with a giant club!
Ouch! That really hurt!
You die...

Action                   || total
-------------------------++-------
Melee: Unarmed           ||    35
  Use: Potion            ||     2
  Eat: Chunk             ||     1

Vault maps used:
D:1:      arrival_zaba_pyramid, minmay_circled_x
D:2:      nicolae_gozag_seed_capital, gammafunk_temple_overflow_elements,
          makhleb_heckhound_becter, uniq_robin
D:3:      first_bread, nicolae_dithmenos_through_a_glass_darkly
D:4:      lemuel_coloured_pillars_altar, uniq_crazy_yiuf_cottage, uniq_iyjb

Notes
Turn   | Place    | Note
--------------------------------------------------------------
     0 | D:1      | zercules, the Troll Monk, began the quest for the Orb.
     0 | D:1      | Reached XP level 1. HP: 22/22 MP: 1/1
   117 | D:2      | Found a burning altar of Makhleb.
   117 | D:2      | Noticed a hound
   121 | D:3      | Reached XP level 2. HP: 29/29 MP: 1/1
   452 | D:4      | Noticed an ogre
   464 | D:4      | HP: 7/29 [ogre/giant club (9)]
   480 | D:4      | Slain by an ogre

Vanquished Creatures
  A giant mite (D:4)
  An orc (D:3)
  A giant cockroach (D:3)
  5 goblins
  A hobgoblin (D:3)
  A bat (D:3)
  3 kobolds
  A rat (D:4)
14 creatures vanquished.
